Map: Kairos Junction LE

Players

Bunny - Winner!

  • Race: Terran Terran
  • League: Bronze
  • Spawn Location: 5:00

Solar

  • Race: Zerg Zerg
  • League: Master
  • Spawn Location: 11:00

Event: IEM Season 13 - Katowice Server Qualifiers Asia 1

VOD

Have the link to the VOD?

Description

Time

  • Played on: Jan. 14, 2019, 6:12 a.m.
  • Length: 11:58

All games in this series

Show
View Real Time Build Order
Export as new Build Order

Bunny Terran - Winner!

Build Orders:  

Get SALT Encoding   

  12  0:00  SCV  
  13  0:12  SCV  
  14  0:17  Supply Depot  
  14  0:24  SCV  
  15  0:39  Barracks  
  15  0:40  SCV  
  16  0:54  Barracks  
  16  0:57  SCV  
  17  1:09  SCV  
  18  1:21  SCV  
  18  1:22  Refinery  
  19  1:26  Marine  
  20  1:33  Orbital Command  
  20  1:36  Supply Depot  
  20  1:41  Marine  
  20  1:44  Marine  
  22  1:48  Bunker  
  22  1:52  Bunker  
  22  1:59  Marine  
  23  2:02  Marine  
  23  2:04  SCV  
  25  2:14  Refinery  
  25  2:16  SCV  
  25  2:20  Marine x2  
  28  2:29  Factory  
  28  2:30  SCV  
  28  2:36  Supply Depot  
  29  2:40  Marine  
  29  2:42  Marine  
  31  2:58  SCV  
  32  3:10  SCV  
  32  3:12  Factory Tech Lab  
  32  3:14  Starport  
  32  3:28  Command Center  
  32  3:30  SCV  
  33  3:41  Supply Depot  
  33  3:42  Factory Tech Lab, SCV  
  34  3:54  SCV  
  34  3:59  Banshee  
  36  4:04  Cyclone  
  36  4:07  SCV  
  40  4:19  SCV  
  41  4:31  SCV  
  40  4:40  Orbital Command  
  34  4:47  SCV  
  34  4:52  Command Center  
  31  4:54  Viking  
  31  4:58  Barracks Reactor  
  31  4:59  SCV  
  34  5:00  Orbital Command  
  34  5:07  Marine  
  34  5:08  Stimpack  
  34  5:11  Liberator  
  36  5:14  Engineering Bay  
  36  5:17  SCV  
  36  5:19  Factory Reactor  
  36  5:29  SCV  
  36  5:31  SCV  
  41  5:36  Marine x3  
  41  5:41  SCV  
  45  5:43  SCV  
  46  5:54  SCV, Engineering Bay  
  46  5:55  SCV, Engineering Bay  
  48  5:58  Marine  
  48  5:59  Marine  
  48  6:01  Marine  
  51  6:06  Factory Tech Lab, Orbital Command  
  51  6:10  SCV x2  
  52  6:19  Marine  
  52  6:20  Marine x2  
  52  6:24  Terran Infantry Armor Level 1, Terran Infantry Weapons Level 1  
  53  6:27  Siege Tank  
  53  6:28  SCV x2  
  53  6:31  Supply Depot  
  58  6:35  Refinery  
  58  6:36  Refinery  
  58  6:38  Medivac  
  60  6:43  Marine x3, SCV  
  60  6:45  SCV  
  65  6:47  SCV  
  65  6:53  Medivac  
  68  6:58  Supply Depot  
  68  6:59  Supply Depot, Orbital Command  
  68  7:00  Marine x2  
  68  7:01  Marine  
  71  7:03  Supply Depot  
  71  7:04  SCV  
  75  7:08  Siege Tank  
  75  7:13  SCV  
  76  7:16  SCV  
  76  7:18  Barracks, Combat Shield  
  77  7:25  SCV  
  77  7:26  Supply Depot  
  77  7:27  Medivac  
  77  7:28  SCV  
  81  7:36  Marine x3  
  84  7:38  SCV x2  
  84  7:40  SCV  
  84  7:43  Siege Tank  
  87  7:52  Barracks x2  
  87  7:53  SCV x3  
  87  7:55  Marauder  
  92  8:01  Armory  
  92  8:03  Marine x2  
  94  8:12  Supply Depot  
  94  8:13  Barracks Reactor  
  94  8:15  SCV x3  
  94  8:19  Marauder, Supply Depot  
  99  8:20  Marine x2  
  99  8:23  Siege Tank  
  104  8:33  Medivac x2  
  108  8:38  Marine x2  
  108  8:39  Supply Depot x2  
  109  8:42  SCV x3  
  109  8:44  Refinery  
  114  8:48  Marine, Marauder  
  114  8:50  Barracks Reactor x2  
  114  8:51  Marine  
  112  8:56  Marine, Siege Tank  
  112  8:57  SCV  
  112  8:58  SCV x2  
  119  9:03  Supply Depot  
  119  9:09  Marine x3, Concussive Shells  
  124  9:10  Marauder  
  124  9:11  SCV x3  
  124  9:14  Marine  
  128  9:25  Supply Depot  
  128  9:26  Marine  
  128  9:27  Marine x2  
  128  9:28  Marine x3, Siege Tank  
  128  9:29  Marine  
  128  9:31  Marauder, Supply Depot  
  140  9:32  Marine, Unknown  
  140  9:34  Supply Depot  
  141  9:38  Terran Infantry Weapons Level 2, Terran Infantry Armor Level 2  
  141  9:44  Marine  
  141  9:45  Medivac  
  144  9:48  Marine x3  
  144  9:49  Marine x4  
  151  9:55  Refinery  
  151  9:57  Supply Depot  
  151  9:59  Marauder  
  153  10:04  Marine  
  153  10:06  Marine x3, Siege Tank  
  160  10:12  Sensor Tower  
  160  10:21  Marauder  
  162  10:22  Marine, Command Center  
  162  10:28  Medivac x2  
  165  10:35  Marine x7  
  168  10:42  Marauder, Supply Depot x2  
  176  10:43  Siege Tank  
  176  10:45  Unknown x2  
  177  10:54  Marine x3  
  174  10:58  SCV x3, Medivac  
  175  11:08  Marine, Marauder  
  175  11:09  Marine x3  
  165  11:16  Marine  
  165  11:17  Marine x2  
  164  11:20  Marine  
  161  11:26  Marine  
  161  11:27  Barracks  
  161  11:28  Barracks x2  
  161  11:29  Marauder  
  161  11:31  Marine  
  161  11:32  Marine x2  
  144  11:34  Marine  
  144  11:35  Marine  
  144  11:38  Marine x2  
Show
View Real Time Build Order
Export as new Build Order

Solar Zerg 

Build Orders: Hatch First 

Get SALT Encoding   

  12  0:01  Drone  
  13  0:12  Overlord  
  13  0:17  Drone  
  14  0:31  Drone x2  
  16  0:48  Hatchery  
  15  0:51  Drone  
  15  0:55  Drone  
  17  0:59  Drone  
  18  1:09  Extractor  
  17  1:14  Spawning Pool  
  17  1:17  Drone  
  17  1:20  Drone  
  18  1:28  Drone  
  19  1:39  Drone  
  20  2:02  Queen  
  20  2:03  Zergling x4  
  20  2:04  Roach Warren  
  20  2:05  Zergling x2  
  24  2:09  Extractor  
  24  2:11  Drone  
  24  2:14  Queen  
  26  2:30  Overlord  
  26  2:32  Drone  
  27  2:46  Overlord  
  27  2:48  Roach x3  
  27  2:50  Roach  
  35  3:10  Overlord, Drone  
  35  3:12  Ravager x2  
  38  3:19  Overlord  
  38  3:29  Roach  
  38  3:30  Roach x2, Ravager  
  38  3:33  Ravager  
  46  3:40  Overlord  
  46  3:51  Drone  
  46  3:53  Drone x2  
  48  4:10  Hatchery  
  48  4:15  Drone  
  48  4:17  Drone  
  48  4:20  Drone  
  50  4:29  Drone  
  50  4:32  Drone  
  50  4:33  Drone  
  50  4:34  Drone  
  52  4:43  Drone  
  37  4:54  Drone  
  37  4:59  Drone  
  38  5:00  Drone x2  
  40  5:07  Drone  
  40  5:09  Queen  
  42  5:25  Drone  
  42  5:27  Metabolic Boost  
  43  5:31  Hatchery  
  43  5:33  Drone x2  
  42  5:36  Drone x2  
  42  5:38  Drone x2  
  45  5:42  Queen  
  45  5:45  Drone x2  
  49  5:50  Lair  
  49  5:55  Drone x2  
  49  5:56  Drone  
  52  5:59  Overlord  
  52  6:02  Drone  
  53  6:05  Drone x2  
  53  6:08  Overlord  
  53  6:10  Extractor  
  54  6:12  Evolution Chamber  
  54  6:15  Evolution Chamber  
  54  6:17  Overlord  
  52  6:19  Drone  
  52  6:23  Drone x3  
  56  6:26  Drone x3  
  59  6:33  Roach x2  
  59  6:37  Roach  
  65  6:41  Zerg Missile Weapons Level 1  
  65  6:42  Zerg Ground Armor Level 1  
  65  6:44  Drone x2  
  67  6:49  Overseer  
  66  6:54  Glial Reconstitution  
  66  6:58  Drone  
  69  7:01  Spore Crawler, Drone x2  
  69  7:05  Drone x2  
  69  7:06  Drone x2  
  72  7:08  Overlord  
  72  7:09  Extractor  
  72  7:12  Overlord  
  72  7:15  Ravager x3  
  74  7:19  Drone x4  
  79  7:22  Drone  
  79  7:24  Baneling Nest  
  79  7:26  Drone  
  79  7:27  Spore Crawler, Drone  
  79  7:30  Overlord  
  79  7:31  Overlord  
  79  7:33  Roach  
  79  7:34  Roach  
  79  7:36  Roach  
  85  7:39  Roach x2  
  89  7:49  Roach x3  
  89  7:50  Overlord x2  
  97  7:51  Roach  
  97  7:52  Roach  
  97  7:57  Roach  
  97  7:58  Roach  
  103  8:01  Overlord  
  103  8:08  Hatchery  
  103  8:10  Centrifical Hooks  
  102  8:14  Zergling x4  
  102  8:15  Zergling x10  
  102  8:17  Zergling x4  
  102  8:19  Zergling x2  
  112  8:20  Zergling x2  
  112  8:22  Drone  
  114  8:27  Drone  
  114  8:28  Drone x5  
  114  8:33  Overlord  
  120  8:35  Zergling x2  
  120  8:36  Zergling x2  
  120  8:45  Zergling x2  
  120  8:49  Zergling x2  
  120  8:50  Zerg Ground Armor Level 2, Zergling x2  
  120  8:51  Overlord, Zerg Melee Weapons Level 1  
  120  8:53  Zergling x2  
  120  8:54  Zergling x2  
  114  8:57  Drone  
  114  8:58  Zergling x2  
  114  8:59  Zergling x8  
  114  9:00  Overlord  
  120  9:05  Baneling x7  
  121  9:10  Drone x3, Infestation Pit  
  121  9:11  Zergling x2  
  121  9:12  Zergling x2  
  121  9:13  Zergling x2  
  121  9:16  Zergling x2  
  126  9:22  Zergling x6  
  126  9:24  Queen  
  129  9:28  Overlord x2  
  131  9:37  Drone x4  
  135  9:38  Extractor  
  135  9:39  Zergling x10  
  135  9:40  Zergling x4  
  135  9:45  Overlord  
  139  9:47  Spore Crawler, Zergling x2  
  139  9:49  Overlord  
  139  9:51  Zergling x4  
  140  9:55  Zergling x6  
  140  9:56  Zergling x2  
  140  9:59  Overseer, Hive  
  144  10:00  Zergling x2  
  144  10:01  Zergling x2  
  145  10:07  Zergling x6  
  145  10:10  Zergling x6  
  151  10:15  Spore Crawler, Hatchery, Baneling x2  
  151  10:20  Zergling x2  
  150  10:22  Zergling x10  
  150  10:24  Overlord  
  150  10:25  Overlord  
  154  10:31  Zergling x4  
  154  10:32  Zergling x6  
  159  10:37  Drone x2  
  159  10:39  Zergling x14  
  159  10:40  Zergling x2  
  169  10:43  Drone  
  169  10:44  Drone  
  169  10:48  Zergling x2  
  169  10:49  Baneling  
  171  10:50  Baneling x11  
  171  10:53  Zergling x6  
  166  11:02  Zergling x10  
  166  11:04  Queen  
  157  11:08  Zergling x10  
  147  11:12  Zergling x2  
  147  11:13  Zergling x10  
  147  11:16  Zergling x6  
  149  11:20  Zergling x2  
  142  11:29  Zergling x6  
  123  11:34  Zergling x2  
  123  11:39  Baneling x4  
  120  11:40  Zergling x6, Ultralisk Cavern  
  120  11:45  Spire  

Tags
 
Add a new tag
Caveats
  • Supply blocks, unpowered buildings, or Contaminate may cause inaccurate times.
  • Supply counts are checked every 10 seconds.